[Event "*** Titled Tuesday Blitz"]
[Site "Chess.com"]
[Date "2019.07.02"]
[Round "9"]
[White "PaulfromSPb"]
[Black "Vegan4future"]
[Result "0-1"]
[WhiteElo "2597"]
[BlackElo "2425"]
[TimeControl "180+2"]
[EndTime "15:00:58 PDT"]
[Termination "Vegan4future won by resignation"]

1. h3 e5 2. a3 d5 3. b3 Nc6 4. g3 h5 5. Nf3 e4 6. Nh4 Be7 7. Ng2 Bf6 8. Ra2 Nge7 9. Bb2 Ng6 10. Bxf6 Qxf6 11. c3 h4 12. g4 Nce5 13. c4 d4 14.
d3 exd3 15. Nd2 dxe2 16. Bxe2 d3 17. Bf3 Nf4 18. Nxf4 Qxf4 19. O-O O-O 20. Bg2 c6 21. Re1 Bd7 22. Re4 Qf6 23. f4 Ng6 24. Qf1 Rad8 25.
Qxd3 Bf5 26. Qe3 Bxe4 27. Nxe4 Qd4 28. Qxd4 Rxd4 29. Rf2 Re8 30. f5 Ne5 31. f6 g6 32.
Ng5 Nd3 33. Rd2 Nf4 34. Rxd4 Ne2+ 35. Kf2 Nxd4 36. Bf1 Nxb3 37. Nf3 Re6 38. g5 Re4 39. Bd3 Re8 40. Nxh4 Rd8 41. Bb1 Nd2 42. Bc2 Nxc4 43.
Bb3 Ne5 44. Ke2 c5 45. Bc2 c4 46. Ng2 b5 47. Nf4 a5 48. h4 c3 49. h5 Rd2+ 50.
Ke3 Rxc2 51. hxg6 Nxg6 52. Nxg6 fxg6 0-1

[Event "*** Titled Tuesday Blitz"]
[Site "Chess.com"]
[Date "2019.07.02"]
[Round "9"]
[White "juniortay"]
[Black "Sajkochess"]
[Result "1/2-1/2"]
[WhiteElo "2424"]
[BlackElo "2239"]
[TimeControl "180+2"]
[EndTime "15:01:00 PDT"]
[Termination "Game drawn by repetition"]

1. e4 d6 2. d4 Nf6 3. Nc3 g6 4. Nf3 Bg7 5. h3 O-O 6. Be3 c6 7. a4 Qa5 8. Qd2 b5 9. b4 Qxb4 10. Rb1 Qa5 11. axb5 Bd7 12. Be2 cxb5 13. Bxb5 Rc8 14.
Bxd7 Nbxd7 15. Rb3 Qa1+ 16. Qc1 Qa6 17. Ra3 Qc4 18.
Nd2 Qb4 19. Rb3 Qa5 20. Qa3 Qxa3 21. Rxa3 Rc7 22. Ke2 Rac8 23. Kd3 e5 24. Rha1 exd4 25.
Bxd4 Ne5+ 26. Bxe5 dxe5 27. Rb3 Bf8 28. Nd5 Nxd5 29.
exd5 Rxc2 30. Rxa7 f5 31. f3 Bh6 32. Nb1 R2c5 33.
Rbb7 Rxd5+ 34. Ke2 Rc2+ 35. Ke1 Rc1+ 36. Ke2 Rc2+ 37. Ke1 Rc1+ 38. Ke2 Rc2+ 1/2-1/2

[Event "*** Titled Tuesday Blitz"]
[Site "Chess.com"]
[Date "2019.07.02"]
[Round "9"]
[White "JonahWillow"]
[Black "Warerman"]
[Result "1-0"]
[WhiteElo "2708"]
[BlackElo "2460"]
[TimeControl "180+2"]
[EndTime "15:01:01 PDT"]
[Termination "JonahWillow won by resignation"]

1. e4 c6 2. d4 d5 3. e5 Bf5 4. h4 h5 5. c4 e6 6. Nc3 Nd7 7. cxd5 cxd5 8. Bd3 Bxd3 9. Qxd3 Nh6 10. Nf3 Nf5 11.
Nxd5 Nxe5 12. dxe5 Qxd5 13. Qxd5 exd5 14. Bg5 Bb4+ 15.
Ke2 Rc8 16. Rac1 O-O 17. a3 Ba5 18. Rhd1 Rxc1 19. Rxc1 f6 20. exf6 gxf6 21. Bf4 Re8+ 22. Kd3 Re4 23. g3 Bb6 24. Rc2 Nd4 25. Rc8+ Kf7 26.
Nd2 Re8 27. Rxe8 Kxe8 28. Be3 Nc6 29. Bxb6 axb6 30. Nf1 Ke7 31. Ne3 Ke6 32. Ng2 Ne5+ 33. Kd4 Nc6+ 34. Ke3 Kf5 35. Nf4 d4+ 36. Kd3 Kg4 37. Kc4 f5 38. b4 Kf3 39. Nxh5 Kxf2 40. b5 Ne7 41. Kxd4 Kf3 42. Ke5 Kg4 43. Ng7 Kxg3 44. Nxf5+ Nxf5 45. Kxf5 Kxh4 46. Ke6 Kg4 47. Kd7 Kf5 48. Kc7 Ke5 49. Kxb7 Kd5 50. Kxb6 1-0

[Event "*** Titled Tuesday Blitz"]
[Site "Chess.com"]
[Date "2019.07.02"]
[Round "9"]
[White "Padenie_Zvezd"]
[Black "Lunaticx"]
[Result "1-0"]
[WhiteElo "2750"]
[BlackElo "2875"]
[TimeControl "180+2"]
[EndTime "15:01:06 PDT"]
[Termination "Padenie_Zvezd won by resignation"]

1. d4 Nf6 2. c4 e6 3. Nf3 a6 4. Nc3 d5 5. cxd5 exd5 6. Bg5 Be6 7. e3 Nbd7 8. Bd3 c6 9. O-O Bd6 10. Qc2 h6 11. Bf4 Qc7 12. Bxd6 Qxd6 13. b4 O-O 14. a4 a5 15. b5 c5 16. dxc5 Nxc5 17. Ne2 Rac8 18.
Ned4 Nxd3 19. Qxd3 Ne4 20. Rfc1 Qb4 21. Rcb1 Qd6 22. Nd2 Nxd2 23. Qxd2 Rc4 24. Qxa5 Rfc8 25. Qd2 b6 26. a5 bxa5 27. Qxa5 Bh3 28. Qa6 Qd7 29.
gxh3 Qxh3 30. Qd6 Rxd4 31. exd4 Rc3 32. b6 h5 33. b7 h4 34. b8=Q+ Kh7 35. Qf4 Rc6 36.
Kh1 1-0

[Event "*** Titled Tuesday Blitz"]
[Site "Chess.com"]
[Date "2019.07.02"]
[Round "9"]
[White "TheBigBadChessDad"]
[Black "benhal"]
[Result "0-1"]
[WhiteElo "2300"]
[BlackElo "2418"]
[TimeControl "180+2"]
[EndTime "15:01:08 PDT"]
[Termination "benhal won on time"]

1. d4 d5 2. Bf4 c5 3. e3 Nc6 4.
c3 Nf6 5. Nd2 cxd4 6. cxd4 Bf5 7. Qb3 Qd7 8. Ngf3 a6 9. Ne5 Nxe5 10. dxe5 Ne4 11. Nxe4 Bxe4 12. f3 Bg6 13. e6 fxe6 14. Kf2 Rc8 15. Be2 Bc2 16. Qb4 Kf7 17. Rac1 Rc6 18.
Be5 h5 19. Qd2 Bg6 20. Rxc6 Qxc6 21. Rc1 Qb6 22. b3 h4 23. Bd3 Bxd3 24. Qxd3 Rh5 25. Bd4 Qa5 26. a4 e5 27. Rc5 Qd8 28. Bb2 e6 29. Rc2 Bd6 30. e4 Qb6+ 31. Kf1 d4 32.
h3 Rh8 33. Qc4 Rd8 34. Qd3 Rd7 35. Bc1 Rc7 36. Bg5 Be7 37. Bxe7 Kxe7 38. Rxc7+ Qxc7 39. Qd2 Kf6 40. Ke2 g5 41. Kd3 b5 42. axb5 axb5 43.
Qb4 Qb8 0-1

[Event "*** Titled Tuesday Blitz"]
[Site "Chess.com"]
[Date "2019.07.02"]
[Round "9"]
[White "ruzomberok"]
[Black "LucaBrasi1968"]
[Result "0-1"]
[WhiteElo "2428"]
[BlackElo "2482"]
[TimeControl "180+2"]
[EndTime "15:01:09 PDT"]
[Termination "LucaBrasi1968 won by resignation"]

1. Nf3 d5 2. c4 c6 3. e3 e6 4. Nc3 f5 5. b3 Nf6 6. Bb2 Bd6 7. Be2 O-O 8. O-O b6 9. Rc1 Bb7 10. cxd5 exd5 11. Nd4 Qd7 12. f4 Na6 13. Bd3 g6 14. Bb1 Nc5 15. b4 Nce4 16. d3 Nxc3 17. Bxc3 Rae8 18. Qd2 Qe7 19. Rfe1 c5 20. bxc5 bxc5 21. Nf3 Ng4 22. Ne5 Nxe5 23. fxe5 Bxe5 24. Bxe5 Qxe5 25. Rxc5 f4 26. e4 Qd4+ 27. Qf2 Qxf2+ 28. Kxf2 dxe4 29.
dxe4 Re7 30. e5 Rd8 31. Re2 Kg7 32. Be4 Bxe4 33. Rxe4 Rd2+ 34. Re2 Rd4 35. Kf3 Ra4 36. Rc8 g5 37. Kg4 h6 38. e6 Kg6 39. Rg8+ Kf6 40.
Kh5 f3 41. Rg6+ Kf5 42. g4+ Rxg4 43. Re5+ Kxe5 44. Kxg4 f2 0-1

[Event "*** Titled Tuesday Blitz"]
[Site "Chess.com"]
[Date "2019.07.02"]
[Round "9"]
[White "monalize"]
[Black "irregularity"]
[Result "0-1"]
[WhiteElo "2328"]
[BlackElo "2528"]
[TimeControl "180+2"]
[EndTime "15:01:11 PDT"]
[Termination "irregularity won on time"]

1. e4 d6 2. d4 Nf6 3. Nc3 g6 4. Be3 c6 5. a4 Nbd7 6. h3 Bg7 7. Qd2 O-O 8. Nf3 e5 9. Be2 Re8 10. dxe5 dxe5 11. O-O Qc7 12. Bc4 Nb6 13. Bb3 Be6 14. Qe2 Bxb3 15. cxb3 Nc8 16. Rac1 Nd6 17. Bc5 a6 18.
Rfd1 Bf8 19. Qe3 b5 20. Bb6 Qb7 21. Nd2 Nd7 22. a5 Nc8 23. Ne2 Ncxb6 24. axb6 Nxb6 25.
h4 c5 26. h5 Rad8 27. Nf3 c4 28. Rxd8 Rxd8 29. Nxe5 cxb3 30. Ng4 Nc4 31. Qf4 Qe7 32. Nf6+ Kh8 33. hxg6 fxg6 34. Ng3 Bg7 35. Nd5 Qf8 36. Qh4 Bxb2 37. Rb1 Bd4 38. Rxb3 Qxf2+ 39. Kh2 Rf8 40. Kh3 Be5 41. Qe7 Qf7 42. Qg5 Bf4 43. Qg4 Ne5 44. Qd1 Qg7 45. Nxf4 Rxf4 46. Rc3 Qh6+ 0-1

[Event "*** Titled Tuesday Blitz"]
[Site "Chess.com"]
[Date "2019.07.02"]
[Round "9"]
[White "darsen_sanzhaev"]
[Black "maximnovik"]
[Result "0-1"]
[WhiteElo "2607"]
[BlackElo "2492"]
[TimeControl "180+2"]
[EndTime "15:01:20 PDT"]
[Termination "maximnovik won by resignation"]

1. d4 Nf6 2. c4 g6 3. Nc3 d5 4. Bf4 Bg7 5. e3 c5 6. dxc5 Qa5 7. Rc1 Ne4 8. cxd5 Nxc3 9. bxc3 Bxc3+ 10. Ke2 O-O 11.
Qb3 Bg7 12. f3 Na6 13. Kf2 Nxc5 14. Qc2 b6 15. Ne2 Bd7 16. Ng3 Rac8 17. Qb1 e5 18. dxe6 Nxe6 19. Rxc8 Rxc8 20. Ne2 Qd2 21. Kg3 g5 22. h4 gxf4+ 23. Nxf4 Nxf4 24. exf4 Bh6 25. Qe4 Qd6 26. Bd3 f5 27. Qe3 Re8 28. Qd2 Kh8 29. Rd1 Bxf4+ 30. Qxf4 Rg8+ 31. Kh3 Qxf4 0-1

[Event "*** Titled Tuesday Blitz"]
[Site "Chess.com"]
[Date "2019.07.02"]
[Round "9"]
[White "volcanoexplorer"]
[Black "Kawhi_Leonard2"]
[Result "0-1"]
[WhiteElo "2504"]
[BlackElo "2345"]
[TimeControl "180+2"]
[EndTime "15:01:26 PDT"]
[Termination "Kawhi_Leonard2 won by checkmate"]

1. e4 c5 2. Nf3 d6 3. d4 cxd4 4. Nxd4 Nf6 5. Nc3 g6 6. Be3 Bg7 7. f3 Nc6 8. Qd2 O-O 9. O-O-O d5 10. Qe1 e5 11. Nxc6 bxc6 12. exd5 Nxd5 13. Bc4 Be6 14. Ne4 f5 15. Ng5 Bc8 16. h4 h6 17. Nh3 Be6 18.
Bc5 Re8 19. Bb3 a5 20. c4 a4 21. Bc2 Qc7 22. cxd5 cxd5 23. Ba3 d4 24. Kb1 Bxa2+ 25. Kxa2 Qxc2 26. Nf2 Rab8 27. Nd3 e4 28. fxe4 fxe4 29. Nb4 Qb3+ 30. Kb1 d3 31. Qd2 e3 32. Qc1 d2 33.
Qc2 Rxb4 34. Bxb4 Qxb4 35. Ka2 Rb8 36. Rb1 Qb3+ 37. Qxb3+ axb3+ 38. Ka3 e2 39. g4 Bf8+ 40. Ka4 Rb4+ 41. Ka5 Rxg4 42. h5 e1=Q 43. Rhxe1 dxe1=Q+ 44. Rxe1 Bb4+ 45. Ka4 Bxe1+ 46. Ka3 gxh5 47. Kxb3 h4 48.
Ka3 h3 49. b3 h2 50. b4 h1=Q 51. b5 Qf3+ 52. Ka2 Rg2+ 53. Kb1 Qb3+ 54. Kc1 Qc2# 0-1

[Event "*** Titled Tuesday Blitz"]
[Site "Chess.com"]
[Date "2019.07.02"]
[Round "9"]
[White "GremioPrudente"]
[Black "Synctel"]
[Result "1-0"]
[WhiteElo "2228"]
[BlackElo "1998"]
[TimeControl "180+2"]
[EndTime "15:01:28 PDT"]
[Termination "GremioPrudente won by resignation"]

1. Nf3 Nf6 2. c4 c6 3. d4 d5 4.
Nc3 e6 5. e3 Nbd7 6. Bd3 dxc4 7. Bxc4 b5 8. Bd3 Bb7 9. e4 a6 10. Bg5 h6 11. Bxf6 Nxf6 12. O-O c5 13. dxc5 Bxc5 14.
e5 Nd5 15. Nxd5 Bxd5 16. a4 b4 17. a5 O-O 18. Qe2 Qe7 19. Rfc1 Qa7 20. Bxa6 Bxf2+ 21. Qxf2 Qxa6 22. Rc7 Rac8 23. Rxc8 Rxc8 24. Ne1 Qb7 25. a6 Qc6 26. a7 Ra8 27. Nd3 b3 28. Nb4 Qb7 29.
Nxd5 Qxd5 30. Qe3 Kh7 31. h3 g6 32. Kh1 Rc8 33. Ra3 Ra8 34. Rxb3 Rxa7 35. Qxa7 Qxb3 36.
Qxf7+ Kh8 37. Qxg6 Qxb2 38. Qxh6+ Kg8 39. Qxe6+ 1-0

[Event "*** Titled Tuesday Blitz"]
[Site "Chess.com"]
[Date "2019.07.02"]
[Round "9"]
[White "SergeiAza"]
[Black "lrestevez"]
[Result "1-0"]
[WhiteElo "2802"]
[BlackElo "2144"]
[TimeControl "180+2"]
[EndTime "15:01:31 PDT"]
[Termination "SergeiAza won by resignation"]

1. d4 Nf6 2. Nf3 c5 3. d5 e6 4. c4 exd5 5. cxd5 d6 6. Nc3 Be7 7. g3 O-O 8. Bg2 Qa5 9. O-O b5 10. Bg5 Nbd7 11. a3 h6 12. Bf4 Qb6 13. e4 Re8 14. e5 Nxe5 15. Nxe5 dxe5 16. Bxe5 Bd6 17.
Bxf6 gxf6 18. Ne4 Be5 19. d6 Bb7 20. d7 Red8 21. Qg4+ Kf8 22. Rad1 Bxe4 23. Bxe4 Rab8 24. Qh5 Bxb2 25. Qxh6+ Ke7 26. Bf5 Bd4 27. Rfe1+ Kd6 28. Qf4+ Kc6 29. Rxd4 cxd4 30. Qe4+ Kd6 31. Rd1 Qc5 32.
Rxd4+ Kc7 33. a4 a6 34. h4 Rb6 35. axb5 axb5 36. h5 Ra6 37. Rd1 Rc6 38. h6 Qe5 39.
Qxe5+ fxe5 40. h7 Rh6 41. Rd5 Kc6 42. Rxe5 b4 43. Re8 Kc7 44. Re4 Rb8 45. Rc4+ Kb7 46. Rc8 Rxh7 47. Rxb8+ Kxb8 48. d8=Q+ 1-0

[Event "*** Titled Tuesday Blitz"]
[Site "Chess.com"]
[Date "2019.07.02"]
[Round "9"]
[White "doons21"]
[Black "Karina_Ivanova"]
[Result "1-0"]
[WhiteElo "2423"]
[BlackElo "2182"]
[TimeControl "180+2"]
[EndTime "15:01:31 PDT"]
[Termination "doons21 won by checkmate"]

1. e4 c6 2. d3 d5 3. Nd2 e5 4.
Ngf3 Bd6 5. g3 Nf6 6. Bg2 O-O 7.
O-O Nbd7 8. Re1 Re8 9. Nh4 Qc7 10. Nf1 b6 11. Ne3 Bb7 12. Qf3 Bf8 13. Nef5 Rad8 14.
Bg5 c5 15. Nh6+ gxh6 16. Bxf6 Nxf6 17. Qxf6 Qe7 18. Qf3 d4 19. Nf5 Qf6 20. h4 Bg7 21.
a4 a5 22. Bh3 Bc8 23. Kh2 Kh8 24. Qh5 Be6 25. b3 Qg6 26. Qe2 Qf6 27. Rg1 Rg8 28. Raf1 Bf8 29. f4 Bd6 30. Nxd6 Rxd6 31. Qh5 Bxh3 32. fxe5 Bg4 33. Qxg4 Qxf1 34. Qxg8+ Kxg8 35. Rxf1 Re6 36. Rf5 Kg7 37. g4 Kg6 38. Kg3 Re7 39.
Rf6+ Kg7 40. Rxb6 Rxe5 41. Rb5 f6 42. Rxa5 Kg6 43. Ra7 Re6 44. h5+ Kg5 45. Rg7# 1-0

[Event "*** Titled Tuesday Blitz"]
[Site "Chess.com"]
[Date "2019.07.02"]
[Round "9"]
[White "aa175"]
[Black "Jospem"]
[Result "1-0"]
[WhiteElo "2306"]
[BlackElo "2835"]
[TimeControl "180+2"]
[EndTime "15:01:33 PDT"]
[Termination "aa175 won by checkmate"]

1. d4 Nf6 2. Bf4 g6 3. e3 Bg7 4. Be2 d6 5. Nf3 O-O 6. O-O b6 7. c4 Bb7 8. Nc3 e6 9. Qc2 Nbd7 10. Rfd1 Qe7 11. h3 a6 12. Rab1 Rfd8 13. b4 Rac8 14. Qa4 Ne4 15. Nxe4 Bxe4 16. Rbc1 Ra8 17. c5 b5 18. Qa5 Nf6 19. cxd6 cxd6 20. Rc7 Rd7 21.
Rdc1 Nd5 22. Rc8+ Rd8 23. Bg5 f6 24. Rxa8 Rxa8 25. Bh4 g5 26. Bg3 Qd7 27. Nd2 Bg6 28.
Bf3 Ra7 29. Bxd5 exd5 30. Qb6 Bf8 31. Nb3 Bd3 32. Rc6 Be7 33. Na5 Kf7 34. Bxd6 Bd8 35. Qc5 Kg6 36. Rc8 Bxa5 37. Rg8+ Kf7 38. Qxd5+ Qe6 39.
Rf8+ Kg7 40. Qxe6 Bc4 41. Qxf6# 1-0

[Event "*** Titled Tuesday Blitz"]
[Site "Chess.com"]
[Date "2019.07.02"]
[Round "9"]
[White "Caisachess"]
[Black "stoleriu"]
[Result "0-1"]
[WhiteElo "2384"]
[BlackElo "2522"]
[TimeControl "180+2"]
[EndTime "15:01:34 PDT"]
[Termination "stoleriu won by resignation"]

1. e4 e6 2. d4 d5 3. Bd3 dxe4 4. Bxe4 Nf6 5. Bf3 c5 6. Ne2 Nc6 7. Be3 cxd4 8. Nxd4 Ne5 9. Nc3 Nxf3+ 10. Qxf3 Bb4 11.
Nb5 O-O 12. O-O a6 13. Rad1 Qa5 14. a3 axb5 15. axb4 Qxb4 16. Bd4 Ne8 17. Ne4 f5 18. Ng5 h6 19. Nh3 Qc4 20. Nf4 Qxc2 21. Ng6 Rf7 22. Ne5 Rc7 23. Bb6 Qxb2 24. Bxc7 Nxc7 25. Rd8+ Kh7 26.
Nd3 Qf6 27. Rd6 Qe7 28. Rd4 Nd5 29. Re1 Qf6 30. Ne5 Bd7 31. Rdd1 Be8 32. Qe2 b4 33. Nd3 Nc3 34. Qd2 Nxd1 35. Rxd1 Ra1 36. Nxb4 Ba4 37. Re1 Qd4 0-1

[Event "*** Titled Tuesday Blitz"]
[Site "Chess.com"]
[Date "2019.07.02"]
[Round "9"]
[White "Kimster98"]
[Black "Philosopherrr"]
[Result "1-0"]
[WhiteElo "2586"]
[BlackElo "2515"]
[TimeControl "180+2"]
[EndTime "15:01:37 PDT"]
[Termination "Kimster98 won by checkmate"]

1. c4 Nf6 2. g3 g6 3. Bg2 Bg7 4. Nc3 O-O 5. e4 d6 6. Nge2 c5 7. O-O Nc6 8. d3 a6 9. h3 Rb8 10. a4 Bd7 11. Be3 Qc8 12. Kh2 h5 13. Qd2 Kh7 14. b3 Rh8 15. d4 cxd4 16. Nxd4 h4 17. g4 Bxg4 18. hxg4 Nxg4+ 19. Kg1 Nxe3 20. fxe3 h3 21.
Bf3 Ne5 22. Kh1 Kg8 23. Nd5 Qd8 24. Qf2 e6 25. Nf4 Qe7 26. Qg3 Bf6 27. Be2 Bh4 28. Qh2 Kg7 29. Nf3 Bf6 30. Rad1 Nxf3 31. Rxf3 Be5 32.
Qf2 b5 33. cxb5 axb5 34. Bxb5 Rbc8 35. Rf1 Rcf8 36. Bc4 Rh6 37. Nxe6+ fxe6 38. Rxf8 d5 39. Qf7+ Qxf7 40. R1xf7# 1-0

[Event "*** Titled Tuesday Blitz"]
[Site "Chess.com"]
[Date "2019.07.02"]
[Round "9"]
[White "ASargsyan1"]
[Black "yoolund"]
[Result "1-0"]
[WhiteElo "2612"]
[BlackElo "2603"]
[TimeControl "180+2"]
[EndTime "15:01:39 PDT"]
[Termination "ASargsyan1 won on time"]

1. e4 c6 2. Nc3 d5 3. Nf3 Nf6 4. e5 Ne4 5. Ne2 Qb6 6. d4 e6 7. c3 c5 8. Ng3 Nc6 9. a3 Bd7 10. Be2 Be7 11. O-O O-O 12. Bd3 Nxg3 13. hxg3 h6 14. Bc2 cxd4 15. cxd4 Na5 16. Bxh6 Rfc8 17. Bg5 Bf8 18. Bd3 Bb5 19. b4 Bxd3 20. Qxd3 Nc4 21. Bf6 gxf6 22. exf6 Bh6 23. g4 Qd8 24. g5 Bxg5 25.
Nxg5 Qxf6 26. f4 Nb2 27. Qh7+ Kf8 28. Rae1 Qxd4+ 29. Kh1 Qg7 30. Qh3 Rc3 31. Qh4 Kg8 32. f5 Nd3 33. fxe6 f6 34. e7 1-0

[Event "*** Titled Tuesday Blitz"]
[Site "Chess.com"]
[Date "2019.07.02"]
[Round "9"]
[White "ChessQueen"]
[Black "MasterKroket"]
[Result "1-0"]
[WhiteElo "2592"]
[BlackElo "2389"]
[TimeControl "180+2"]
[EndTime "15:01:41 PDT"]
[Termination "ChessQueen won on time"]

1. Nf3 Nf6 2. g3 b6 3. Bg2 Bb7 4. O-O e6 5. b3 Be7 6. Bb2 O-O 7.
c4 c5 8. d4 cxd4 9. Qxd4 d5 10. Ne5 Bc5 11. Qd2 Qe7 12. cxd5 Bxd5 13. Bxd5 Nxd5 14. e4 Nf6 15. Qe2 Nfd7 16. Ng4 e5 17.
Nc3 Nc6 18. Nd5 Qd6 19. Nge3 Nd4 20. Bxd4 exd4 21. Nf5 Qe5 22. Qd3 Nf6 23. f4 Qe6 24.
b4 Nxe4 25. bxc5 Nxc5 26. Nde7+ Kh8 27. Qxd4 f6 28. Rfe1 Qf7 29. Qd5 Qh5 30. Ne3 Qh6 31. N7f5 Qg6 32. Nh4 Qe8 33. Nef5 Qa4 34. Ne7 Rad8 35.
Nhg6+ 1-0

[Event "*** Titled Tuesday Blitz"]
[Site "Chess.com"]
[Date "2019.07.02"]
[Round "9"]
[White "saraswathii"]
[Black "telarubo96"]
[Result "0-1"]
[WhiteElo "2324"]
[BlackElo "2330"]
[TimeControl "180+2"]
[EndTime "15:01:44 PDT"]
[Termination "telarubo96 won on time"]

1. d4 Nf6 2. Bf4 g6 3. e3 Bg7 4. Nf3 O-O 5. Be2 d6 6. O-O Nbd7 7. h3 b6 8. c3 c5 9. Nbd2 Bb7 10. a4 a6 11. Qc2 Ra7 12. e4 Qa8 13. Bd3 Rc8 14. Qb3 Nxe4 15. Nxe4 Bxe4 16. Bxe4 Qxe4 17. Bg3 c4 18.
Qd1 Nf6 19. Re1 Qd5 20. Qe2 e6 21. Nd2 Rb7 22. Qe3 b5 23. axb5 axb5 24. Ra6 Ne8 25. Ne4 Rd7 26. Rea1 h6 27. Rb6 f5 28. Nd2 Rb7 29.
Rxb7 Qxb7 30. Qxe6+ Kh7 31. Ra7 Qxa7 32. Qxc8 Qa1+ 33.
Nf1 Qxb2 34. Qxe8 Qxc3 35. Bxd6 b4 36. Qe7 Qxd4 37. Bxb4 c3 38. Ne3 f4 39. Nd5 c2 40.
Nf6+ Qxf6 41. Qxf6 Bxf6 42. Ba3 f3 43. Bc1 Bg5 0-1

[Event "*** Titled Tuesday Blitz"]
[Site "Chess.com"]
[Date "2019.07.02"]
[Round "9"]
[White "Zubrrr"]
[Black "TregubovP"]
[Result "1-0"]
[WhiteElo "2726"]
[BlackElo "2540"]
[TimeControl "180+2"]
[EndTime "15:01:48 PDT"]
[Termination "Zubrrr won by resignation"]

1. c4 c5 2. g3 Nc6 3. Nf3 g6 4. d4 cxd4 5. Nxd4 Bg7 6. Nc2 h5 7. h3 h4 8. g4 d6 9. Bg2 f5 10. gxf5 Bxf5 11. Nc3 Nf6 12. Ne3 Qd7 13. Nxf5 gxf5 14. Bd2 O-O-O 15. Qa4 Kb8 16. Be3 a6 17. O-O-O Rc8 18. c5 Bh6 19. Bxh6 Rxh6 20. cxd6 exd6 21. Qf4 Rg6 22. Bf3 Ne5 23. Kb1 Nxf3 24. exf3 Rc6 25. Qxh4 Qc7 26. Qd4 Nd7 27. Nd5 Qd8 28. h4 Re6 29. h5 Qg5 30. f4 Qh6 31. f3 Nf6 32. Ne3 Qh7 33. Qd3 Rc5 34. Rdg1 Nd7 35. Nc2 Rh6 36.
Qd4 Rc6 37. Rg7 1-0

[Event "*** Titled Tuesday Blitz"]
[Site "Chess.com"]
[Date "2019.07.02"]
[Round "9"]
[White "marianokar"]
[Black "ckgchess"]
[Result "0-1"]
[WhiteElo "2465"]
[BlackElo "2726"]
[TimeControl "180+2"]
[EndTime "15:01:49 PDT"]
[Termination "ckgchess won by resignation"]

1. c4 g6 2. g3 Bg7 3. Bg2 e5 4. d3 Ne7 5. Nc3 Nbc6 6. e3 O-O 7. Nge2 d6 8. O-O Be6 9. Nd5 Qd7 10. Rb1 a5 11. b3 Bxd5 12. cxd5 Nb4 13. Nc3 e4 14. Nxe4 Nxa2 15. Bb2 f6 16. Ra1 Nb4 17. Nc3 f5 18. Qd2 h6 19. f4 b6 20. e4 Rae8 21.
Rae1 Kh7 22. h3 c6 23. dxc6 Nexc6 24. exf5 Qxf5 25. Ne4 Bxb2 26. Qxb2 Nxd3 27. Qc3 Nxe1 28. Nxd6 Qc5+ 29. Qxc5 bxc5 30. Bxc6 Re6 31. Nc4 Rxc6 32. Rxe1 Rc7 33. Nxa5 Rb8 34. Re6 Rb5 35. Ra6 Rd7 36. Kf2 Rb8 37. Rc6 Rb5 38. Ra6 h5 39. g4 hxg4 40.
hxg4 Rb4 41. Kg3 Rd3+ 42. Kh4 Rxf4 43. Kg5 Rf7 44. Rxg6 Rd5+ 45. Kh4 Kxg6 0-1

[Event "*** Titled Tuesday Blitz"]
[Site "Chess.com"]
[Date "2019.07.02"]
[Round "9"]
[White "Perecke"]
[Black "Bagirova"]
[Result "0-1"]
[WhiteElo "2035"]
[BlackElo "1933"]
[TimeControl "180+2"]
[EndTime "15:01:49 PDT"]
[Termination "Bagirova won by resignation"]

1. e4 c5 2. Nf3 d6 3. d4 cxd4 4. Nxd4 Nf6 5. Nc3 a6 6. h3 e6 7. g4 Be7 8. Bg2 O-O 9. O-O Nfd7 10. Be3 Nc6 11. f4 Rb8 12. Qd2 Nxd4 13. Bxd4 e5 14.
Ba7 Ra8 15. Be3 exf4 16. Bxf4 Ne5 17. Nd5 Bh4 18. Rad1 Nc4 19. Qc3 b5 20. b3 Nb6 21.
Nc7 Ra7 22. Bxd6 Be7 23. Bg3 Bd7 24. Nd5 Nxd5 25. Rxd5 Qc8 26. Qd4 Rb7 27. Kh1 Be6 28. Rh5 Rd7 29. Qe3 Qxc2 30. e5 Bd5 31. Bxd5 Rxd5 32.
Rf2 Rd1+ 33. Kg2 Qb1 34. Qf3 Bc5 35. e6 Bxf2 36. exf7+ Rxf7 37. Qa8+ Rf8 38. Qe4 Qxe4+ 0-1

[Event "*** Titled Tuesday Blitz"]
[Site "Chess.com"]
[Date "2019.07.02"]
[Round "9"]
[White "vanea_03"]
[Black "PIwan"]
[Result "1-0"]
[WhiteElo "2664"]
[BlackElo "2477"]
[TimeControl "180+2"]
[EndTime "15:01:55 PDT"]
[Termination "vanea_03 won by resignation"]

1. c4 e6 2. g3 d5 3. Bg2 Nf6 4. Nf3 Be7 5. b3 O-O 6. Bb2 b6 7. O-O Bb7 8. e3 dxc4 9. bxc4 c5 10. Nc3 Nc6 11. d3 Nb4 12. Ne1 Bxg2 13. Kxg2 Qd7 14. a3 Nc6 15. f4 Rfd8 16. Qf3 a6 17. g4 Rab8 18. a4 Nb4 19. Rd1 Qc6 20. g5 Qxf3+ 21.
Kxf3 Ne8 22. h4 Nd6 23. h5 b5 24. axb5 axb5 25. cxb5 Nxb5 26. Nxb5 Rxb5 27. Ba1 c4 28. Bd4 cxd3 29. Nxd3 Nxd3 30. Rxd3 e5 31. fxe5 Bxg5 32. Rg1 h6 33. Rc3 Rb2 34. Rc7 Rb3 35. Ke4 Re8 36.
Ra1 Rb5 37. Raa7 Bf6 38. Rab7 Bxe5 39. Rxf7 Bc7+ 40. Kd3 Kxf7 41. Rxb5 Re7 42. e4 Bd6 43. e5 Bc7 44. Ke4 Ke6 45. Rc5 Rd7 46. Rc6+ Ke7 47. e6 1-0

[Event "*** Titled Tuesday Blitz"]
[Site "Chess.com"]
[Date "2019.07.02"]
[Round "9"]
[White "xdb"]
[Black "Everyfishknows"]
[Result "1-0"]
[WhiteElo "2258"]
[BlackElo "2276"]
[TimeControl "180+2"]
[EndTime "15:01:55 PDT"]
[Termination "xdb won on time"]

1. d4 Nf6 2. c4 e6 3. Nc3 Bb4 4. a3 Bxc3+ 5. bxc3 O-O 6. f3 d5 7. e3 c5 8. cxd5 exd5 9. Bd3 b6 10.
Ne2 Ba6 11. O-O Bxd3 12. Qxd3 Nc6 13. Ng3 Re8 14. Bb2 cxd4 15. cxd4 h5 16. Rae1 h4 17. Nh1 h3 18. g4 Na5 19. Nf2 Nc4 20. Bc1 Nh7 21.
Nxh3 Qh4 22. Nf4 Ng5 23. Nxd5 Nxf3+ 24. Rxf3 Qxe1+ 25. Rf1 Qh4 26. Qxc4 Qxg4+ 27. Kf2 Rac8 28. Qe2 Qf5+ 29. Nf4 Rc2 30. Bd2 Rec8 31. Kg1 Qe4 32. Qg4 f5 33. Qd1 g5 34. Nh5 Kh8 35. Ng3 Qd5 36. Qh5+ Kg8 37. Qxg5+ Kh8 38. Qh6+ Kg8 39. Qg6+ Kh8 40. Rxf5 Rc1+ 41. Bxc1 Rxc1+ 42. Rf1 Rc8 43. Qh6+ Kg8 44. Nf5 Rc7 45. Qg5+ Kh8 46. Qh5+ Kg8 47. Nh6+ Kh8 48. Qxd5 1-0

[Event "*** Titled Tuesday Blitz"]
[Site "Chess.com"]
[Date "2019.07.02"]
[Round "9"]
[White "Oleksandr_Bortnyk"]
[Black "platy3"]
[Result "0-1"]
[WhiteElo "2937"]
[BlackElo "2847"]
[TimeControl "180+2"]
[EndTime "15:02:00 PDT"]
[Termination "platy3 won by resignation"]

1. e4 c5 2. Nf3 Nc6 3. Bc4 e6 4. d3 d5 5. exd5 exd5 6. Bb3 Nf6 7. O-O Be7 8. h3 h6 9. c3 O-O 10. Re1 Bf5 11. d4 Re8 12. Be3 c4 13. Bc2 Bxc2 14.
Qxc2 Bd6 15. Nbd2 b5 16. Nh4 Qd7 17. Nf5 Bf8 18. Ng3 b4 19. Nf3 Rab8 20. Ne5 Nxe5 21. dxe5 Rxe5 22. Bd4 Rxe1+ 23. Rxe1 Re8 24. Rd1 Qc6 25.
Bxf6 Qxf6 26. Rxd5 Re1+ 27. Kh2 bxc3 28. bxc3 g6 29. Qd2 Re6 30. Rd7 h5 31. Kg1 Qe5 32. Nf1 Bc5 33. Rd5 Qc7 34. Rd7 Qc6 35. Ne3 Rxe3 36.
fxe3 Bxe3+ 37. Qxe3 Qxd7 38. Qc5 Qe6 39. Kh2 a6 40. a4 Kg7 41. Qd4+ f6 42. Qa7+ Kh6 43. Qd4 Qe5+ 44. Qxe5 fxe5 45. Kg3 Kg5 46. Kf3 Kf5 47.
Ke3 h4 48. Kf3 a5 49. Ke3 g5 50. Kf3 e4+ 51. Ke3 Ke5 52. Ke2 Kf4 53. Kd2 Kg3 54. Ke3 Kxg2 0-1

[Event "*** Titled Tuesday Blitz"]
[Site "Chess.com"]
[Date "2019.07.02"]
[Round "9"]
[White "Heineccius"]
[Black "severomorskij"]
[Result "0-1"]
[WhiteElo "2546"]
[BlackElo "2843"]
[TimeControl "180+2"]
[EndTime "15:02:01 PDT"]
[Termination "severomorskij won by checkmate"]

1. d4 Nf6 2. c4 e6 3. Nc3 Bb4 4. g3 d5 5. Bg2 O-O 6. Nf3 dxc4 7. O-O Nc6 8. Qa4 Nd5 9. Qc2 Be7 10. Rd1 Rb8 11. e4 Ncb4 12. Qe2 Nxc3 13. bxc3 Nd3 14. Ne5 Nxc1 15. Raxc1 c5 16. d5 exd5 17. exd5 Bf6 18. Nxc4 Re8 19. Qd3 b5 20. Ne3 b4 21. cxb4 cxb4 22.
d6 Bd7 23. Rc7 a5 24. Bd5 a4 25. Qc4 Rf8 26. Qa6 b3 27. axb3 axb3 28. Qa7 Be6 29. Nc4 Bxd5 30. Rxd5 b2 31. Nxb2 Rxb2 32. d7 Qe7 33. Qa4 Qe1+ 34. Kg2 Qxf2+ 35. Kh3 Qxh2+ 36.
Kg4 Qe2+ 37. Kh3 Qe6+ 38. Qg4 Qxd5 39. Rc8 Qh1# 0-1